 Dungeon Crawl Stone Soup version 0.21-a0-95-g06f091e (webtiles) character file.

1117 grindst0ne the Covert (level 8, -6/56 HPs)
             Began as a Merfolk Assassin on July 4, 2017.
             Killed from afar by tilp's ghost (25 damage)
             ... with a flame tongue
             ... on level 6 of the Dungeon.
             The game lasted 00:13:18 (7063 turns).

grindst0ne the Covert (Merfolk Assassin)            Turns: 7063, Time: 00:13:18

Health: -6/56      AC:  8    Str: 11    XL:     8   Next: 34%
Magic:  8/8        EV: 12    Int: 10    God:
Gold:   354        SH:  4    Dex: 18    Spells: 7/7 levels left

rFire    . . .     SeeInvis .   a - +2 dagger
rCold    . . .     Gourm    .   (no shield)
rNeg     . . .     Faith    .   v - +2 leather armour {MR+}
rPois    +         Spirit   .   o - +0 helmet
rElec    .         Reflect  .   k - scarf {repulsion}
rCorr    .         Harm     .   (no gloves)
MR       +....     Rnd*Rage +   (no boots)
Stlth    ++++......             (no amulet)
HPRegen  0.18/turn              (no ring)
MPRegen  0.11/turn              (no ring)

@: berserk cooldown, repel missiles
A: change form in water, swift swim, stealthy swim, large bone plates 1, thin
metallic scales 1, berserk 1, poison resistance, evolution 1
a: no special abilities


You were on level 6 of the Dungeon.
You were not hungry.

You visited 1 branch of the dungeon, and saw 6 of its levels.

You collected 354 gold pieces.

Inventory:

Hand Weapons
 a - a +2 dagger (weapon)
 b - a +0 blowgun
Missiles
 e - 66 poisoned needles
 u - 3 javelins (quivered)
Armour
 c - a +0 robe
 d - a +0 cloak
 k - a scarf of repulsion (worn)
 o - a +0 helmet (worn)
 v - a +2 leather armour of magic resistance (worn)
 y - a +0 leather armour
Jewellery
 x - a +2 ring of strength {unknown}
Wands
 i - a wand of confusion (16/48)
 B - a wand of confusion (31/48)
 D - a wand of digging (11/24)
Scrolls
 h - a scroll of immolation {unknown}
 j - 4 scrolls of remove curse
 l - a scroll of fog {unknown}
 n - a scroll of blinking {unknown}
 t - a scroll of fear {unknown}
 w - 4 scrolls of identify {unknown}
 G - a scroll of amnesia {unknown}
 H - a scroll of magic mapping {unknown}
 I - a scroll of enchant weapon {unknown}
 J - a scroll of teleportation {unknown}
Potions
 q - a potion of might
 r - 3 potions of degeneration
 s - 3 potions of curing
 z - a potion of ambrosia {unknown}
 A - 2 potions of heal wounds {unknown}
 C - a potion of brilliance
 E - a potion of agility {unknown}
 F - a potion of invisibility {unknown}
Comestibles
 g - 6 bread rations
 m - 3 royal jellies
 p - 3 meat rations


   Skills:
 - Level 2.1 Fighting
 + Level 8.5 Short Blades
 - Level 2.0 Throwing
 - Level 1.3 Dodging
 + Level 9.2 Stealth


You had 7 spell levels left.
You didn't know any spells.

Dungeon Overview and Level Annotations

Branches:
Dungeon (6/15)
 Temple: D:4-7

Altars:
Elyvilon
Hepliaklqana
Kikubaaqudgha
Qazlal
The Shining One

Annotations:
D:6 tilp's ghost, novice HOFE


Innate Abilities, Weirdness & Mutations

You revert to your normal form in water.
You are very nimble and swift while swimming.
You are very stealthy in the water. (Stealth+)
You are partially covered in large bone plates. (SH +4)
You are partially covered in thin metallic scales. (AC +2)
You tend to lose your temper in combat.
Your system is resistant to poisons. (rPois)
You evolve.


Message History

The flame tongue hits you! Tilp's ghost hits you. Tilp's ghost burns you.
Tilp's ghost gestures at you while chanting.
The flame tongue is repelled.
You hit tilp's ghost.
Tilp's ghost is lightly damaged.
You feel yourself speed up.
Tilp's ghost hits you but does no damage.
You barely miss tilp's ghost.
Tilp's ghost is lightly damaged.
Tilp's ghost completely misses you.
You barely miss tilp's ghost.
Tilp's ghost is lightly damaged.
You hit tilp's ghost but do no damage.
Tilp's ghost is lightly damaged.
Tilp's ghost gestures at you while chanting.
The flame tongue hits you!
Tilp's ghost gestures at you while chanting.
The flame tongue hits you!
You die...

####..#
#.....###
#.##....#
#.##....#
#.##....#
#.......#
#..#..###
#..#######
#...@.W..#
#.######.# #.#
#.# #+# #.#
#.########.
##..........
#.......#######
#..............
#.............#


You could see tilp's ghost.

Vanquished Creatures
  The ghost of grindst0ne the Sneak, an amateur MfAs of Dithmenos (D:3)
  3 ogres
  A howler monkey (D:4)
  The ghost of 4thArraOfDagon the Vexing, a weakling DsEn (D:4)
  2 crimson imps
  A jelly (D:5)
  A centaur zombie (D:5)
  2 hounds
  An orc priest (D:5)
  3 orc wizards
  2 iguanas (D:5)
  5 worker ants
  5 adders
  An ooze (D:2)
  5 worms
  A dart slug (D:1)
  9 leopard geckos
  23 orcs
  4 bats
  5 giant cockroaches
  10 hobgoblins
  3 jackals (D:5)
  3 ball pythons
  4 frilled lizards
  9 goblins
  A jackal zombie (D:5)
  11 kobolds
  A quokka zombie (D:5)
  4 rats
122 creatures vanquished.

Notes
Turn   | Place    | Note
-------+----------+-------------------------------------------
     0 | D:1      | grindst0ne the Merfolk Assassin began the quest for the Orb.
     0 | D:1      | Reached XP level 1. HP: 16/16 MP: 1/1
     1 | D:1      | Noticed a minotaur zombie
    96 | D:1      | Reached XP level 2. HP: 13/22 MP: 2/2
   699 | D:1      | Reached skill level 5 in Stealth
   764 | D:1      | Reached XP level 3. HP: 26/27 MP: 3/3
  1130 | D:2      | Found a white marble altar of Elyvilon.
  2088 | D:3      | Found a stormy altar of Qazlal.
  2246 | D:3      | Noticed grindst0ne's ghost (amateur MfAs)
  2374 | D:2      | Reached XP level 4. HP: 14/33 MP: 4/4
  2700 | D:2      | Gained mutation: You evolve. [potion of mutation]
  2700 | D:2      | Gained mutation: You tend to lose your temper in combat. [potion of mutation]
  2700 | D:2      | Gained mutation: You are partially covered in large bone plates. (SH +4) [potion of mutation]
  2773 | D:3      | Killed grindst0ne's ghost
  2773 | D:3      | Reached skill level 5 in Short Blades
  2773 | D:3      | Reached skill level 6 in Stealth
  2773 | D:3      | Reached XP level 5. HP: 17/38 MP: 5/5
  3314 | D:3      | Gained mutation: Your system is resistant to poisons. (rPois) [evolution]
  3361 | D:3      | Reached XP level 6. HP: 41/44 MP: 6/6
  3949 | D:4      | Reached skill level 7 in Stealth
  4251 | D:4      | Noticed 4thArraOfDagon's ghost (weakling DsEn)
  4302 | D:4      | Killed 4thArraOfDagon's ghost
  4302 | D:4      | Reached XP level 7. HP: 45/50 MP: 7/7
  4557 | D:4      | Gained mutation: You are partially covered in thin metallic scales. (AC +2) [evolution]
  4729 | D:4      | Reached skill level 8 in Stealth
  4865 | D:4      | Found a hazy altar of Hepliaklqana.
  5086 | D:5      | Entered Level 5 of the Dungeon
  5303 | D:5      | Found an ancient bone altar of Kikubaaqudgha.
  5547 | D:5      | Reached XP level 8. HP: 21/56 MP: 8/8
  6347 | D:5      | Found a glowing golden altar of the Shining One.
  6551 | D:5      | Reached skill level 9 in Stealth
  7042 | D:6      | Noticed tilp's ghost (novice HOFE)
  7063 | D:6      | Killed from afar by tilp's ghost

Vault maps used:
D:1:      shiori_arrival_whats_in_store_for_you, corexii_corridor_pit
D:2:      elyvilon_altar_5
D:3:      grunt_qazlal_sundering, guppyfry_early_orc_mine
D:4:      old_standard_altar, kennysheep_generic_room_9
D:5:      old_standard_altar, lemuel_doored_altar, first_bread
D:6:      minmay_temple_entry_poolview

Skill      XL: |  1  2  3  4  5  6  7  8 |
---------------+-------------------------+-----
Short Blades   | 3 5 6 7 8 |  8.5
Stealth        | 5 6 7 8 9 |  9.2
Fighting       | |  2.1
Throwing       | |  2.0
Dodging        | |  1.3

Action                   |  1- 3 |  4- 6 |  7- 9 || total
-------------------------+-------+-------+-------++-------
Melee: Dagger            |   147 |   167 |   335 ||   649
 Fire: Blowgun           |       |    10 |    20 ||    30
Evoke: Wand              |       |     4 |       ||     4
  Use: Potion            |       |     8 |       ||     8
       Scroll            |       |     1 |       ||     1
 Stab: Sleeping          |     6 |     6 |     7 ||    19
       Distracted        |     2 |       |     3 ||     5
       Confused          |       |     1 |       ||     1
  Eat: Chunk             |     4 |     7 |     9 ||    20
Armor: Robe              |    17 |    11 |       ||    28
       Leather armour    |       |    16 |    62 ||    78
Dodge: Dodged            |    75 |    54 |   115 ||   244
       Deflected         |       |     1 |     2 ||     3
Block: Other             |       |    22 |    33 ||    55
